 Dungeon Crawl Stone Soup version 0.18-a0-690-g014cd11 (webtiles) character file.

529 R18 the Slasher (level 7, -7/57 HPs)
             Began as a Ghoul Wanderer on Dec 7, 2015.
             Mangled by R18's ghost (27 damage)
             ... on level 5 of the Dungeon.
             The game lasted 00:15:26 (4726 turns).

R18 the Slasher (Ghoul Wanderer)                    Turns: 4726, Time: 00:15:27

Health: -7/57      AC: 10    Str: 22    XL:     7   Next: 23%
Magic:  8/8        EV:  5    Int:  8    God:
Gold:   247        SH:  0    Dex:  8    Spells: 1 memorised, 8 levels left

rFire  . . .     SeeInvis .     a - +0 long sword
rCold  + . .     Clarity  .     i - +0 ring mail
rNeg   + + +     SustAt   .     (no shield)
rPois  ∞         Gourm    .     n - +0 helmet
rElec  .         Spirit   .     (no cloak)
rCorr  .         Dismiss  .     q - +1 pair of gloves
rMut   .         Stasis   .     k - +0 pair of boots
MR     +....                    (no amulet)
Stlth  ..........               (no ring)
                                s - ring of protection from magic

@: mighty, rotting, somewhat resistant to hostile enchantments, extremely
unstealthy
A: rotting body, claws 1, carnivore 3, cold resistance 1, negative energy
resistance 3, slow regeneration 1, torment resistance, unbreathing
a: no special abilities


You were on level 5 of the Dungeon.
You were not hungry.

You visited 1 branch of the dungeon, and saw 5 of its levels.

You collected 247 gold pieces.

Inventory:

Hand Weapons
 a - a +0 long sword (weapon)
 b - a +0 blowgun
 u - a +0 falchion
Missiles
 c - 35 poisoned needles
Armour
 e - a +0 robe
 i - a +0 ring mail (worn)
 k - a +0 pair of boots (worn)
 n - a +0 helmet (worn)
 q - a +1 pair of gloves (worn)
Jewellery
 s - a ring of protection from magic (left hand)
Wands
 j - a wand of frost (24)
 w - a wand of slowing (33)
Scrolls
 g - 2 scrolls of identify {unknown}
 l - 2 scrolls of remove curse {unknown}
 m - 2 scrolls of teleportation
 o - 2 scrolls of random uselessness {unknown}
Potions
 t - a potion of magic
 v - a potion of curing
Books
 d - a book of Air

   Spells                             Type                      Level
   a - Shock                          Conjuration/Air              1
   b - Swiftness                      Charms/Air                   2
   c - Repel Missiles                 Charms/Air                   2
   d - Static Discharge               Conjuration/Air              3
   e - Lightning Bolt                 Conjuration/Air              5
Comestibles
 f - 2 meat rations
 h - a beef jerky
 r - a slice of pizza


   Skills:
 - Level 3.2 Fighting
 * Level 5.7 Long Blades
 - Level 1.0 Throwing
 + Level 3.1 Armour
   Level 1.0 Shields
 - Level 1.7 Spellcasting
   Level 1.5 Hexes
 - Level 1.0 Air Magic


You had 8 spell levels left.
You knew the following spells:

 Your Spells              Type           Power        Failure   Level  Hunger
a - Shock                 Conj/Air       #...         58%         1    ##.....


Dungeon Overview and Level Annotations

Branches:
Dungeon (5/15)
 Temple: D:4-7

Altars:
Nemelex Xobeh
Zin

Annotations:
D:2 Sigmund
D:3 AlfredTheGreat's ghost, amateur DrBe
D:4 P0WERM0DE's ghost, novice DsCj
D:5 R18's ghost, novice OgWn


Innate Abilities, Weirdness & Mutations

Your body is rotting away.
You thrive on raw meat.
You are immune to poison.
You have sharp fingernails.
You are carnivorous and can eat meat at any time.
Your flesh is cold resistant.
You are immune to negative energy.
You regenerate slowly when monsters are visible.
You are immune to unholy pain and torment.
You can survive without breathing.


Message History

The orc is too close now for your liking.
You see here 10 stones.
R18's ghost turns its malevolent gaze towards you.
R18's ghost ripples.
There is a stone staircase leading up here.
Drink which item? (? for menu, Esc to quit)
It was a potion of might.
You feel very mighty all of a sudden.
You hit R18's ghost.
R18's ghost is lightly damaged.
R18's ghost barely misses you.
You closely miss R18's ghost.
R18's ghost is lightly damaged.
R18's ghost hits you!
You barely miss R18's ghost. R18's ghost completely misses you.
You hit R18's ghost.
R18's ghost is lightly damaged.
R18's ghost hits you!! R18's ghost hits you!!
You die...

#....(..(.####
#.#.###.#o#
#.#.###
#.#...#
#.###.# #.#
#.# #.# #o#
#.# #W# #@#
###


You could see R18's ghost and an orc.

Vanquished Creatures
  2 ogres (D:4)
  A scorpion (D:4)
  2 orc priests (D:4)
  Jessica (D:4)
  An iguana (D:5)
  A worker ant (D:4)
  A hound skeleton (D:3)
  Robin (D:2)
  6 adders
  2 worms (D:2)
  2 giant geckos
  5 orcs
  3 ball pythons (D:2)
  2 giant cockroaches (D:3)
  11 goblins
  15 hobgoblins
  6 jackals (D:4)
  5 kobolds
  3 bats
  3 giant newts
  5 rats
78 creatures vanquished.

Notes
Turn   | Place    | Note
--------------------------------------------------------------
     0 | D:1      | R18 the Ghoul Wanderer began the quest for the Orb.
     0 | D:1      | R18 set off with: a book of Air, a +0 falchion, 11 poisoned needles, a +0 blowgun, a +0 robe, a meat ration
     0 | D:1      | Reached XP level 1. HP: 19/19 MP: 2/2
     2 | D:1      | Learned a level 1 spell: Shock
   535 | D:1      | Reached skill level 1 in Long Blades
   574 | D:1      | Reached XP level 2. HP: 26/26 MP: 3/3
   915 | D:2      | Reached XP level 3. HP: 31/31 MP: 4/4
  1015 | D:2      | Noticed Sigmund
  2089 | D:2      | Reached skill level 1 in Armour
  2632 | D:3      | Noticed Robin
  2649 | D:2      | Reached XP level 4. HP: 29/38 MP: 5/5
  2695 | D:2      | Killed Robin
  2823 | D:3      | Noticed AlfredTheGreat's ghost (amateur DrBe)
  3015 | D:3      | Found a glowing silver altar of Zin.
  3352 | D:4      | Noticed P0WERM0DE's ghost (novice DsCj)
  3353 | D:4      | Noticed an ogre
  3357 | D:5      | Entered Level 5 of the Dungeon
  3572 | D:5      | Reached XP level 5. HP: 39/44 MP: 6/6
  3579 | D:5      | Noticed R18's ghost (novice OgWn)
  3586 | D:4      | Noticed an ogre
  3608 | D:4      | Killed an ogre
  3608 | D:4      | Reached skill level 4 in Long Blades
  3608 | D:4      | Reached XP level 6. HP: 46/50 MP: 7/7
  4066 | D:4      | Reached skill level 5 in Long Blades
  4132 | D:4      | Found a sparkling altar of Nemelex Xobeh.
  4132 | D:4      | Noticed Jessica
  4139 | D:4      | Killed Jessica
  4139 | D:4      | Reached XP level 7. HP: 53/56 MP: 8/8
  4726 | D:5      | Mangled by R18's ghost

Vault maps used:
D:1:      dpeg_chamrin_arrival_tetris, hangedman_feature_mirror
D:2:      first_bread, uniq_sigmund
D:3:      zin_scriptorium, uniq_robin
D:4:      minmay_parallelograms, nemelex_lonely_heart_becter
D:5:      nicolae_alphabet_shops

Action                   |  1- 3 |  4- 6 |  7- 9 || total
-------------------------+-------+-------+-------++-------
Melee: Falchion          |   123 |   135 |       ||   258
       Long sword        |       |     9 |    39 ||    48
 Fire: Blowgun           |    14 |    16 |    17 ||    47
  Use: Potion            |     4 |     4 |     1 ||     9
       Scroll            |     3 |     1 |       ||     4
  Eat: Chunk             |     9 |    17 |     3 ||    29
